 Dungeon Crawl Stone Soup version 0.28-a0-425-gd0eccab798 (webtiles) character file.

Game seed: 1921364700717635542

89 T3K the Firebug (level 4, 0/38 HPs)
             Began as a Draconian Wanderer on Sept 9, 2021.
             Succumbed to an adder's poison
             ... on level 4 of the Dungeon.
             The game lasted 00:07:51 (2365 turns).

T3K the Firebug (Draconian Wanderer)                Turns: 2365, Time: 00:07:52

Health: 0/38       AC:  5    Str: 15    XL:     4   Next: 31%
Magic:  3/4        EV: 11    Int: 14    God:
Gold:   58         SH:  0    Dex:  9    Spells: 2/3 levels left

rFire   . . .      SeeInvis .   c - +3 dagger
rCold   . . .      Faith    .   (no shield)
rNeg    . . .      Spirit   .   (armour unavailable)
rPois   .          Reflect  .   (helmet restricted)
rElec   .          Harm     .   (no cloak)
rCorr   .          Rampage  .   (no gloves)
Will    .....                   (no boots)
Stlth   +.........              (no amulet)
HPRegen 0.12/turn               (no ring)
MPRegen 0.09/turn               (no ring)

@: lethally poisoned (0 -> -4)
A: AC +5, unfitting armour, cold-blooded
a: no special abilities


You were on level 4 of the Dungeon.
You visited 1 branch of the dungeon, and saw 4 of its levels.

You collected 58 gold pieces.

Inventory:

Hand Weapons
 a - a +2 hand axe
 c - a +3 dagger (weapon)
 e - a +0 short sword
Scrolls
 d - a scroll of identify
Potions
 b - a potion of curing


   Skills:
 + Level 3.0 Fighting
 + Level 0.3 Short Blades
 + Level 2.1 Axes
 + Level 1.0 Throwing
 + Level 0.7 Dodging
 + Level 1.0 Shields
 + Level 0.3 Spellcasting
 + Level 0.4 Conjurations
 + Level 1.0 Necromancy
 + Level 4.7 Fire Magic


You had 2 spell levels left.
You knew the following spells:

 Your Spells              Type           Power      Damage    Failure   Level
a - Foxfire               Conj/Fire      28%        2x1d5     10%         1

Your spell library contained the following spells:

 Spells                   Type           Power      Damage    Failure   Level
 Ignite Poison            Fire/Tmut/Pois 4%         N/A       41%         3


Dungeon Overview and Level Annotations

Branches:
Dungeon (3/15)

Altars:

Shops:
D:4 *


Innate Abilities, Weirdness & Mutations

Your plain brown scales are hard. (AC +5)
You cannot fit into any form of body armour.
You are cold-blooded and may be slowed by cold attacks.


Message History

You feel very sick.
The foxfire hits the adder.
The adder is lightly wounded.
The foxfire hits the adder.
The adder is heavily wounded.
The adder closely misses you.
You hit the water moccasin but do no damage.
The water moccasin is lightly wounded.
* * * LOW HITPOINT WARNING * * *
You feel very sick.
The water moccasin bites you but does no damage.
The adder bites you but does no damage.
You miss the adder.
The adder is heavily wounded.
* * * LOW HITPOINT WARNING * * *
You feel very sick. The adder bites you but does no damage.
The water moccasin bites you.
* * * LOW HITPOINT WARNING * * *
You are more poisoned.
The water moccasin poisons you! The adder bites you but does no damage.
The adder bites you.
* * * LOW HITPOINT WARNING * * *
The adder bites you but does no damage.
You feel better. The water moccasin bites you.
* * * LOW HITPOINT WARNING * * *
The adder barely misses you. The adder closely misses you. The adder bites you.
* * * LOW HITPOINT WARNING * * *
The water moccasin closely misses you.
You are too injured to fight recklessly!
You hit the water moccasin.
The water moccasin is lightly wounded.
The adder closely misses you. The adder bites you.
* * * LOW HITPOINT WARNING * * *
You are lethally poisoned!
The adder poisons you! The adder barely misses you.
The water moccasin bites you but does no damage.
The adder barely misses you.
You hit the water moccasin.
The water moccasin is moderately wounded.
You die...

.#######.....###+##
.......'......#...#
.....###......#.∩.# #
......##......#... .#
......##......##'##.#
......#####.........+
....................#
..##.....SSS..#
.....>...@S..#
#.##......##### .
........# ..........
###.#...... ..#....
#.... .....


You could see a water moccasin and 3 adders.

Vanquished Creatures
  3 adders (D:2)
  5 dart slugs
  4 orcs (D:4)
  2 endoplasms (D:2)
  7 goblins
  4 hobgoblins
  2 jackals (D:3)
  2 quokkas
  5 ball pythons
  A bat (D:2)
  3 frilled lizards
  5 kobolds (D:1)
  4 rats
47 creatures vanquished.

Vanquished Creatures (others)
  33 foxfires
33 creatures vanquished.

Grand Total: 80 creatures vanquished

Notes
Turn   | Place    | Note
-------+----------+-------------------------------------------
     0 | D:1      | T3K the Draconian Wanderer began the quest for the Orb.
     0 | D:1      | T3K set off with the following items: a +2 hand axe; and
                  | the following spell memorised: Foxfire; and the following
                  | spells available to memorise: Ignite Poison
     0 | D:1      | Reached XP level 1. HP: 17/17 MP: 1/1
   203 | D:1      | Reached XP level 2. HP: 20/24 MP: 0/2
   748 | D:2      | Reached XP level 3. HP: 22/30 MP: 3/3
  1571 | D:2      | Reached XP level 4. HP: 26/37 MP: 4/4
  1947 | D:3      | You fall into a shaft and drop 1 floor!
  2352 | D:4      | Found Lathrojo's Serpentskin Sales.
  2352 | D:4      | Noticed a water moccasin
  2364 | D:4      | HP: 1/38 [adder (2)]
  2365 | D:4      | Succumbed to an adder's poison

Illustrated notes

Levels and vault maps discovered:
D:1:      amcnicky_arrival_underground_garden, layout_basic
D:2:      layout_basic, minivault_19, glass_columns_c
D:3:      layout_rooms, mainiacjoe_overflow_24_doors,
          shapermc_ecumenical_altar_petra, bh_walls_and_bars, uniq_jessica,
          uniq_ijyb
D:4:      layout_basic, mainiacjoe_overflow_surrounded_room,
          nicolae_qazlal_style_of_elements,
          nicolae_gozag_cash_rules_everything_around_me, eino_tiny_chamber,
          minmay_misc_feat_columns, guppyfry_shop_venom

Skill      XL: |  1  2  3  4 |
---------------+-------------+-----
Axes           | 2 |  2.1
Fighting       | 3 |  3.0
Short Blades   | |  0.3
Throwing       | |  1.0
Dodging        | |  0.7
Shields        | |  1.0
Spellcasting   | |  0.3
Conjurations   | |  0.4
Necromancy     | |  1.0
Fire Magic     | |  4.7

Action                   |  1- 3 |  4- 6 || total
-------------------------+-------+-------++-------
Melee: Hand axe          |    68 |       ||    68
       Tailslap          |     6 |     1 ||     7
       Dagger            |    23 |    39 ||    62
 Cast: Foxfire           |    13 |     8 ||    21
  Use: Potion            |     5 |     1 ||     6
       Scroll            |     1 |     2 ||     3
Armor: Skin              |    28 |    26 ||    54
Dodge: Dodged            |    49 |    38 ||    87

Table legend: (Time is in decaauts)
 A = Elapsed time spent in this place.
 B = Non-inter-level travel time spent in this place.
 C = Inter-level travel time spent in this place.
 D = Time resting spent in this place.
 E = Time spent auto-exploring this place.
 F = Levels seen in this place.
 G = Mean time per level.
                   A        B        C        D        E       F      G
               +--------+--------+--------+--------+--------+-----+--------+
         Total |   2361 |   2232 |    129 |    514 |   1319 |   4 |  590.2 |
       Dungeon |   2361 |   2232 |    129 |    514 |   1319 |   4 |  590.2 |
               +--------+--------+--------+--------+--------+-----+--------+

Top non-repeatable levels by time:
     D:2: 1156 daAuts
     D:1: 730 daAuts
     D:4: 417 daAuts
     D:3: 56 daAuts
